General information
- name: BNet
- type: Ladder team game (AT/RT)
- host: Battle.net
- saver: GODIEPLZ
map: BloodstoneMesa
- players: 6
- length: 11:12
- speed: Fast
- version: 1.24 W3XP
- replay type: Public
» download(71 KB)
Players
team 1 (winner)
CoLeGePaRtYeR17 (
purple | 86 APM | 965 actions | 11:11)
3 Blood Mage
2 Flame Strike
1 Siphon Mana
4 Archmage
2 Summon Water Elemental
1 Brilliance Aura
1 Blizzard
» actions
| Assign group hotkey | 41 | |
| Basic commands | 44 | |
| Build / train | 53 | |
| ESC pressed | 4 | |
| Enter build submenu | 14 | |
| Enter hero's abilities submenu | 7 | |
| Give item / drop item | 1 | |
| Right click | 410 | |
| Select / deselect | 245 | |
| Select group hotkey | 91 | |
| Use ability | 55 | |
965 total
» units
| Peasant | 8 | |
| Footman | 10 | |
| Priest | 3 | |
| Sorceress | 3 | |
| Spell Breaker | 3 | |
27 total
» upgrades
» buildings
| Altar of Kings | 1 | |
| Barracks | 1 | |
| Farm | 7 | |
| Scout Tower | 1 | |
| Arcane Tower | 3 | |
| Arcane Vault | 1 | |
| Keep | 4 | |
| Lumber Mill | 1 | |
| Arcane Sanctum | 2 | |
21 total
» build order
00:05 Altar of Kings
00:07 Barracks
00:27 Farm
00:43 Farm
01:46 Scout Tower
01:59 Farm
02:15 Arcane Tower
02:15 Arcane Tower
02:15 Arcane Tower
02:48 Arcane Vault
03:14 Farm
03:40 Keep
03:40 Keep
03:40 Keep
04:41 Lumber Mill
05:41 Farm
05:43 Farm
06:09 Arcane Sanctum
06:12 Arcane Sanctum
08:05 Farm
» items
CORRUPTEDEVIL (
blue | 68 APM | 766 actions | 11:11)
4 Keeper of the Grove
2 Entangling Roots
2 Thorns Aura
» actions
| Assign group hotkey | 79 | |
| Build / train | 35 | |
| ESC pressed | 1 | |
| Enter build submenu | 11 | |
| Enter hero's abilities submenu | 4 | |
| Right click | 201 | |
| Select / deselect | 133 | |
| Select group hotkey | 288 | |
| Use ability | 14 | |
766 total
» units
» upgrades
| Moon Armor | 1 | |
| Strength of the Moon | 1 | |
| Ultravision | 1 | |
3 total
» buildings
| Altar of Elders | 1 | |
| Moon Well | 4 | |
| Hunter's Hall | 1 | |
| Ancient of War | 2 | |
| Tree of Life | 1 | |
| Tree of Ages | 1 | |
10 total
» build order
00:07 Altar of Elders
00:19 Moon Well
01:45 Hunter's Hall
01:47 Ancient of War
02:05 Ancient of War
02:19 Moon Well
02:59 Moon Well
05:16 Tree of Life
06:45 Moon Well
10:19 Tree of Ages
GODIEPLZ (
orange | 112 APM | 1259 actions | 11:12)
5 Tauren Chieftain
3 War Stomp
2 Endurance Aura
3 Shadow Hunter
2 Hex
1 Healing Wave
» actions
| Assign group hotkey | 24 | |
| Basic commands | 112 | |
| Build / train | 43 | |
| Enter build submenu | 8 | |
| Enter hero's abilities submenu | 8 | |
| Right click | 519 | |
| Select / deselect | 318 | |
| Select group hotkey | 191 | |
| Use ability | 36 | |
1259 total
» units
| Peon | 6 | |
| Troll Headhunter/Berserker | 20 | |
26 total
» upgrades
| Ranged Weapons | 2 | |
| Berserker Upgrade | 1 | |
3 total
» buildings
| Altar of Storms | 1 | |
| Orc Burrow | 4 | |
| War Mill | 1 | |
| Barracks | 1 | |
| Voodoo Lounge | 1 | |
| Stronghold | 1 | |
| Fortress | 2 | |
11 total
» build order
00:03 Altar of Storms
00:05 Orc Burrow
00:25 War Mill
01:10 Barracks
01:36 Orc Burrow
02:16 Voodoo Lounge
04:14 Stronghold
04:20 Orc Burrow
05:37 Orc Burrow
07:01 Fortress
07:01 Fortress
» items
team 2 (loser)
MeineSchlampe (
yellow | 64 APM | 713 actions | 11:08)
4 Archmage
2 Summon Water Elemental
2 Brilliance Aura
» actions
| Assign group hotkey | 16 | |
| Basic commands | 90 | |
| Build / train | 40 | |
| Enter build submenu | 14 | |
| Enter hero's abilities submenu | 4 | |
| Give item / drop item | 2 | |
| Right click | 227 | |
| Select / deselect | 179 | |
| Select group hotkey | 79 | |
| Use ability | 62 | |
713 total
» units
| Peasant | 13 | |
| Footman | 2 | |
| Rifleman | 6 | |
| Sorceress | 2 | |
23 total
» upgrades
» buildings
| Altar of Kings | 1 | |
| Farm | 5 | |
| Barracks | 1 | |
| Scout Tower | 2 | |
| Lumber Mill | 1 | |
| Arcane Vault | 1 | |
| Arcane Tower | 1 | |
| Blacksmith | 1 | |
| Keep | 1 | |
| Guard Tower | 1 | |
| Castle | 1 | |
| Workshop | 1 | |
| Arcane Sanctum | 1 | |
18 total
» build order
00:06 Altar of Kings
00:10 Farm
00:20 Barracks
01:24 Farm
01:27 Scout Tower
01:45 Lumber Mill
02:03 Arcane Vault
02:07 Arcane Tower
02:55 Blacksmith
03:50 Keep
04:04 Scout Tower
04:09 Farm
04:13 Farm
04:35 Guard Tower
04:55 Farm
07:13 Castle
07:16 Workshop
07:21 Arcane Sanctum
» items
| Scroll of Regeneration | 2 | |
| Lesser Clarity Potion | 3 | |
| Mechanical Critter | 1 | |
| Rod of Necromancy | 1 | |
7 total
Sky93 (
teal | 25 APM | 281 actions | 11:11)
3 Priestess of the Moon
1 Searing Arrows
2 Trueshot Aura
» actions
| Build / train | 27 | |
| Enter build submenu | 12 | |
| Enter hero's abilities submenu | 3 | |
| Right click | 132 | |
| Select / deselect | 93 | |
| Use ability | 14 | |
281 total
» units
» buildings
| Altar of Elders | 1 | |
| Moon Well | 5 | |
| Hunter's Hall | 1 | |
| Ancient of War | 3 | |
| Tree of Ages | 1 | |
| Tree of Eternity | 1 | |
| Ancient of Lore | 2 | |
14 total
» build order
00:11 Altar of Elders
00:15 Moon Well
01:15 Hunter's Hall
01:35 Moon Well
02:26 Ancient of War
02:30 Ancient of War
02:34 Ancient of War
03:41 Moon Well
04:49 Moon Well
05:55 Moon Well
07:01 Tree of Ages
09:42 Tree of Eternity
10:08 Ancient of Lore
10:14 Ancient of Lore
Z0S0 (
red | 35 APM | 385 actions | 11:02)
3 Death Knight
2 Death Coil
1 Unholy Aura
» actions
| Assign group hotkey | 20 | |
| Basic commands | 72 | |
| Build / train | 30 | |
| Enter build submenu | 9 | |
| Enter hero's abilities submenu | 3 | |
| Right click | 45 | |
| Select / deselect | 109 | |
| Select group hotkey | 77 | |
| Use ability | 20 | |
385 total
» units
| Acolyte | 2 | |
| Ghoul | 3 | |
| Crypt Fiend | 12 | |
| Obsidian Statue | 1 | |
18 total
» upgrades
| Creature Attack | 1 | |
| Creature Carapace | 1 | |
2 total
» buildings
| Crypt | 1 | |
| Ziggurat | 4 | |
| Graveyard | 1 | |
| Altar of Darkness | 1 | |
| Nerubian Tower | 1 | |
| Tomb of Relics | 1 | |
| Halls of the Dead | 1 | |
| Spirit Tower | 1 | |
| Slaughterhouse | 1 | |
12 total
» build order
00:07 Crypt
00:10 Ziggurat
00:40 Graveyard
01:20 Altar of Darkness
01:39 Ziggurat
02:37 Nerubian Tower
02:52 Tomb of Relics
03:46 Ziggurat
05:51 Halls of the Dead
06:06 Spirit Tower
07:40 Ziggurat
09:51 Slaughterhouse
» items
| Rod of Necromancy | 1 | |
| Dust of Appearance | 1 | |
2 total
Chat log
(00:15 / All) CORRUPTEDEVIL: HI GUYS
(00:24 / All) Z0S0: i dont like you
(00:31 / All) GODIEPLZ: bought a yellow aston martin
(00:33 / All) MeineSchlampe: DID U SEE MY BASEBALL
(00:35 / All) CORRUPTEDEVIL: WHY?
(00:39 / All) CoLeGePaRtYeR17: in this game there are 3 sex thirsty virgins
(00:41 / All) CoLeGePaRtYeR17: it isnt us
(00:46 / All) GODIEPLZ: i fucked a lot of girls
(00:52 / All) GODIEPLZ: cant even count them on a calculator
(00:54 / All) CORRUPTEDEVIL: I FUCK SUPERMODELS
(01:01 / All) Z0S0: i fuck your mom, she aint no supermodel though
(01:07 / All) CoLeGePaRtYeR17: actually
(01:09 / All) CoLeGePaRtYeR17: my mom is a supermodel
(01:16 / All) GODIEPLZ: i've fucked my mom idiot.
(01:30 / All) GODIEPLZ: She is a playboy model
(01:33 / All) GODIEPLZ: And pornstar
(01:46 / All) Z0S0: yeah i turned her out
(01:49 / All) Z0S0: with our online video
(01:55 / All) CoLeGePaRtYeR17: ill rip your vaginas inside out
(01:56 / All) GODIEPLZ: yellow u know how many germans i've fucked
(01:59 / All) GODIEPLZ: are u german
(02:03 / All) GODIEPLZ: i've probably fucked ur mom
(02:06 / All) GODIEPLZ: And u have my genes
(02:15 / All) MeineSchlampe: she has fucked a lot of dudes
(02:23 / All) GODIEPLZ: im probably your dad.
(02:32 / All) Z0S0: give him some child support asshole
(02:36 / All) MeineSchlampe: why did you leave us dad
(02:36 / All) GODIEPLZ: Nah
(02:42 / All) GODIEPLZ: cause white ppl sux
(02:59 / All) GODIEPLZ: D
(03:05 / All) Z0S0: dude no offense
(03:10 / All) Z0S0: but you're probably the dumbest person i've ever talked to
(03:12 / All) Z0S0: in my life
(03:15 / All) GODIEPLZ: in a minute
(03:16 / All) CoLeGePaRtYeR17: why would you say
(03:17 / All) CoLeGePaRtYeR17: no offense
(03:18 / All) GODIEPLZ: you will be crying
(03:20 / All) CoLeGePaRtYeR17: you want to offend him
(03:22 / All) CoLeGePaRtYeR17: moron
(03:30 / All) GODIEPLZ: Im serious going to own you so much
(03:31 / All) Z0S0: oh shit
(03:32 / All) GODIEPLZ: its goign to be funny
(03:35 / All) Z0S0: he has that retard strength?
(04:25 / All) CORRUPTEDEVIL: im a supermodel
(04:39 / All) Z0S0: i think the word you are looking for is "retard"
(04:42 / All) Z0S0: you are a retard
(04:48 / All) CORRUPTEDEVIL: ?
(05:03 / All) Z0S0: lol
(05:05 / All) CORRUPTEDEVIL: only a retard cant go +20 solo
(05:06 / All) Z0S0: i havent played that many games
(05:12 / All) GODIEPLZ: ur right ur 10-13
(05:38 / All) Z0S0: or 5-2
(05:43 / All) Z0S0: but most people dont expect retards to count well
(05:44 / All) GODIEPLZ: oh man so good
(05:50 / All) GODIEPLZ: so much better than 10-13
(06:09 / All) CORRUPTEDEVIL: cool 11-18 rt pro
(08:13 / All) CORRUPTEDEVIL: im +21 on my potm
(08:21 / All) GODIEPLZ: wow nice cancel
(08:24 / All) GODIEPLZ: On that workshop
(08:25 / All) CORRUPTEDEVIL: tp
(08:38 / All) GODIEPLZ: gg
(08:40 / All) GODIEPLZ: idiot
(10:08 / All) GODIEPLZ: Wow gg retardz
(10:12 / All) GODIEPLZ: I almost tried
(10:24 / All) GODIEPLZ: so u crying yet
(11:09 / All) GODIEPLZ: bye kid